 Dungeon Crawl Stone Soup version 0.31-a0-233-g139696dc86 (webtiles) character file.

Game seed: 1094881605131879646

7708 Gargoyl the Cleaver (level 11, -4/71 HPs)
             Began as a Gargoyle Berserker on July 8, 2023.
             Was an Elder of Trog.
             Slain by a komodo dragon (12 damage)
             ... on level 1 of the Lair of Beasts.
             The game lasted 00:11:19 (8815 turns).

Gargoyl the Cleaver (Gargoyle Berserker)            Turns: 8815, Time: 00:11:19

Health: -4/71      AC: 22    Str: 20    XL:     11   Next: 19%
Magic:  0/11       EV: 10    Int:  9    God:    Trog [****..]
Gold:   333        SH:  9    Dex: 13    Spells: 10/10 levels left

rFire   + . .        w - +4 hand axe (flame)
rCold   . . .        A - +0 kite shield
rNeg    + . .        m - +2 scale mail {rF+}
rPois   ∞            (no helmet)
rElec   +            o - +0 cloak
rCorr   .            (no gloves)
SInv    .            h - +2 pair of boots
Will    ++...        e - amulet of guardian spirit
Stlth   +            (no ring)
HPRegen 1.31/turn    (no ring)
MPRegen 0.12/turn

%: guardian spirit
@: strong-willed, regenerating, studying Fighting
A: sickness immunity, AC +8, negative energy resistance 1, electricity
resistance, torment resistance 1, petrification resistance
a: Renounce Religion, Berserk, Trog's Hand, Brothers in Arms


You were on level 1 of the Lair of Beasts.
You worshipped Trog.
Trog was greatly pleased with you.
You visited 2 branches of the dungeon, and saw 10 of its levels.

You collected 519 gold pieces.
You spent 186 gold pieces at shops.

Inventory:

Hand Weapons
 i - a +4 dire flail of protection
 l - a +2 hand axe
 w - a +4 hand axe of flaming (weapon)
 C - a +0 broad axe
Missiles
 g - 14 poisoned darts (quivered)
 x - 4 throwing nets
Armour
 h - a +2 pair of boots (worn)
 m - a +2 scale mail of fire resistance (worn)
 o - a +0 cloak (worn)
 A - a +0 kite shield (worn)
Jewellery
 e - an amulet of guardian spirit (around neck)
 y - an amulet of the acrobat
Wands
 n - a wand of acid (7)
 r - a wand of flame (37)
 v - a wand of digging (8)
Scrolls
 a - a scroll of identify
 f - 5 scrolls of teleportation
 u - a scroll of fear
 B - a scroll of poison {unknown}
Potions
 b - 2 potions of enlightenment
 c - 2 potions of magic
 d - a potion of attraction {unknown}
 j - a potion of cancellation {unknown}
 k - 4 potions of heal wounds {unknown}
 p - 2 potions of mutation {unknown}
 s - a potion of brilliance {unknown}
 t - 3 potions of might {unknown}
 z - 2 potions of degeneration {unknown}


   Skills:
 + Level 9.0 Fighting
 + Level 10.8 Axes
 + Level 7.9 Armour
 + Level 5.3 Dodging
 + Level 2.2 Stealth
 + Level 5.7 Shields


You had 10 spell levels left.
You didn't know any spells.
Your spell library was empty.

Dungeon Overview and Level Annotations

Branches:
Dungeon (9/15)             Temple (0/1) D:5            Lair (1/5) D:9
    Orc: D:9-12

Altars:
Dithmenos
Hepliaklqana
Okawaru
Ru
Uskayaw
The Shining One

Shops:
D:6 ?   D:9 [


Innate Abilities, Weirdness & Mutations

You are immune to sickness and miasma.
Your stone body is resilient. (AC +8)
You are immune to poison.
You resist negative energy. (rN+)
You are resistant to electric shocks. (rElec)
You are resistant to unholy torment.
You are immune to petrification.


Message History

The komodo dragon is heavily wounded.
You slash the water moccasin! You burn the water moccasin.
You kill the water moccasin!
Trog accepts your kill. You block the komodo dragon's attack.
Unknown command.
You hit the komodo dragon. You burn the komodo dragon.
The komodo dragon is severely wounded.
The komodo dragon bites you but does no damage.
Unknown command.
You hit the komodo dragon. You burn the komodo dragon.
The komodo dragon is severely wounded.
The komodo dragon bites you but does no damage.
Unknown command.
You hit the komodo dragon. You burn the komodo dragon.
The komodo dragon is severely wounded.
You block the komodo dragon's attack.
You hit the komodo dragon. You burn the komodo dragon.
The komodo dragon is almost dead.
The komodo dragon bites you but does no damage.
Unknown command.
You hit the komodo dragon but do no damage.
The komodo dragon is almost dead.
The komodo dragon bites you!
* * * LOW HITPOINT WARNING * * *
Unknown command.
You hit the komodo dragon but do no damage.
The komodo dragon is almost dead.
Unknown command.
You hit the komodo dragon but do no damage.
The komodo dragon is almost dead.
The komodo dragon bites you.
Your skin crawls.
You feel strong-willed. The komodo dragon bites you!
* * * LOW HITPOINT WARNING * * *
You barely miss the komodo dragon.
The komodo dragon is almost dead.
The komodo dragon bites you!
You die...

#.............
#.............
##..............
#...............#
#...............#
#...............#
................#
#.)...†@l.......#
###.............#
##..........#
###........#
###.....##
##.....# ###.###
#..# #..#


You could see a komodo dragon.

Vanquished Creatures
  Pikel (D:8)
  The ghost of niknal the Insei, a novice OpTm of Sif Muna (D:6)
  Maurice (D:8)
  A komodo dragon (Lair:1)
  A rime drake (D:9)
  A polar bear (D:9)
  A hornet (D:9)
  3 yaks (Lair:1)
  3 wyverns
  Menkaure (D:7)
  Edmund (D:4)
  2 water moccasins
  5 ice beasts
  2 orc warriors (D:9)
  3 black bears
  2 ogres (D:5)
  3 centaurs
  2 wolves (D:9)
  4 lemures (D:8)
  A kobold brigand (D:8)
  3 gnoll sergeants
  7 bullfrogs
  2 scorpions
  9 wights (D:8)
  7 killer bees
  A howler monkey (D:6)
  2 jellies
  2 gnoll boudas
  5 orc priests
  2 hounds (D:6)
  2 sleepcaps (D:5)
  Jessica (D:2)
  6 iguanas
  10 orc wizards
  10 adders
  19 gnolls
  A shadow imp (D:6)
  A white imp (D:6)
  3 ufetubi
  3 dart slugs
  41 orcs
  9 bats
  6 endoplasms
  2 giant cockroaches
  11 goblins
  8 hobgoblins
  7 jackals
  11 kobolds
  A quokka (D:3)
  8 ball pythons
  4 frilled lizards
  7 rats
250 creatures vanquished.

Notes
Turn   | Place    | Note
-------+----------+-------------------------------------------
     0 | D:1      | Gargoyl the Gargoyle Berserker began the quest for the Orb.
     0 | D:1      | Reached XP level 1. HP: 14/14 MP: 1/1
   231 | D:1      | Reached XP level 2. HP: 19/19 MP: 2/2
   264 | D:1      | Reached skill level 3 in Axes
   662 | D:1      | Reached XP level 3. HP: 23/23 MP: 3/3
  1067 | D:2      | Found a hazy altar of Hepliaklqana.
  1253 | D:2      | Noticed Jessica
  1272 | D:2      | Killed Jessica
  1273 | D:2      | Reached XP level 4. HP: 29/29 MP: 0/4
  1695 | D:2      | Reached ** piety under Trog
  2117 | D:3      | Reached XP level 5. HP: 27/33 MP: 5/5
  2260 | D:3      | Reached skill level 4 in Axes
  2720 | D:4      | Noticed Edmund
  2740 | D:4      | Killed Edmund
  2741 | D:4      | Reached XP level 6. HP: 21/38 MP: 3/6
  2896 | D:4      | Identified the +4 plate armour of the Manifold Nights
                  | {*Slow rElec Int+5 Dex+3}
  3229 | D:4      | Found an iron altar of Okawaru.
  3348 | D:5      | Entered Level 5 of the Dungeon
  3355 | D:5      | Reached XP level 7. HP: 44/44 MP: 7/7
  3359 | D:5      | Reached skill level 5 in Axes
  3423 | D:5      | You fall into a shaft and drop 1 floor!
  3521 | D:6      | Reached skill level 1 in Shields
  3540 | D:6      | Reached XP level 8. HP: 31/48 MP: 3/8
  3543 | D:6      | Reached skill level 6 in Axes
  3543 | D:6      | Reached skill level 5 in Armour
  3545 | D:6      | Reached skill level 5 in Fighting
  3826 | D:5      | Found a staircase to the Ecumenical Temple.
  4106 | D:5      | Identified the +7 dagger "Poostem" {holy, rF++}
  4236 | D:5      | Reached *** piety under Trog
  4374 | D:6      | Found Sysm's Magic Scroll Shoppe.
  4387 | D:6      | Bought a scroll of enchant weapon for 82 gold pieces
  4387 | D:6      | Bought a scroll of brand weapon for 104 gold pieces
  4402 | D:6      | Reached skill level 7 in Axes
  4455 | D:6      | Found a hide-covered altar of Uskayaw.
  4512 | D:6      | Found a runed translucent gate.
  4513 | D:6      | Found a runed translucent gate.
  4519 | D:6      | Found a runed translucent gate.
  4519 | D:6      | Noticed niknal's ghost (novice OpTm)
  4867 | D:6      | Killed niknal's ghost
  4868 | D:6      | Reached XP level 9. HP: 55/55 MP: 9/9
  4872 | D:6      | Reached skill level 1 in Stealth
  4873 | D:6      | Reached skill level 8 in Axes
  5297 | D:7      | Found a sacrificial altar of Ru.
  5520 | D:7      | Noticed Menkaure
  5527 | D:7      | Killed Menkaure
  6214 | D:8      | Identified a scroll of acquirement
  6214 | D:8      | Acquired a manual of Fighting
  6541 | D:8      | Found a shadowy altar of Dithmenos.
  6563 | D:8      | Noticed Pikel
  6581 | D:8      | Killed Pikel
  6582 | D:8      | Reached skill level 9 in Axes
  6582 | D:8      | Reached XP level 10. HP: 61/61 MP: 8/10
  6628 | D:8      | Noticed Maurice
  6645 | D:8      | Killed Maurice
  7063 | D:8      | Found a glowing golden altar of the Shining One.
  7577 | D:9      | Reached skill level 10 in Axes
  7583 | D:9      | Found a staircase to the Lair.
  7748 | D:9      | Reached skill level 5 in Shields
  8140 | D:9      | Reached **** piety under Trog
  8256 | D:9      | Reached XP level 11. HP: 52/69 MP: 7/11
  8355 | D:9      | Found Joopp's Antique Armour Shoppe.
  8414 | D:9      | Reached skill level 5 in Dodging
  8658 | Lair:1   | Entered Level 1 of the Lair of Beasts
  8815 | Lair:1   | Slain by a komodo dragon

Illustrated notes

Levels and vault maps discovered:
D:1:      scummos_arrival_star, layout_basic, dk_noncrumbling_4
D:2:      layout_loops_corners, basic_altar, grunt_decor_arrowhead, uniq_jessica
D:3:      layout_rooms
D:4:      layout_rooms, mainiacjoe_overflow_brackets, minivault_27, uniq_edmund
D:5:      layout_cave_pools, minmay_temple_entry_tees, minmay_misc_feat_ornament
D:6:      layout_loops_ring, lemuel_crystal_altar, serial_shops,
          nicolae_shop_gibbet_a_chance, gammafunk_ghost_split
D:7:      layout_layer_cave, nicolae_ru_great_annihilating_truth,
          grunt_ministairs_12, hangedman_abyss_or_decor_jellyfish_corner,
          hangedman_abyss_or_decor_stabs, uniq_menkaure
D:8:      layout_loops_corners, mainiacjoe_overflow_boulevard,
          mainiacjoe_overflow_tiny_flanked, uniq_pikel, uniq_maurice
D:9:      layout_loops_ring, hellmonk_lair_entry_icy, serial_shops,
          nicolae_shop_real_fake_doors, minmay_liquid_box
Lair:1:   layout_cave_pods, cheibrodos_lair_lostbears, uniq_joseph

Skill      XL: |  1  2  3  4  5  6  7  8  9 10 11 |
---------------+----------------------------------+-----
Axes           | 3 4 5 7 9 10 | 10.8
Dodging        | 2 3 4 5 |  5.3
Armour         | 3 4 6 7 |  7.9
Fighting       | 4 5 6 8 9 |  9.0
Shields        | 1 2 3 5 |  5.7
Stealth        | 1 2 |  2.2

Action                     |  1- 3 |  4- 6 |  7- 9 | 10-12 || total
---------------------------+-------+-------+-------+-------++-------
  Melee: Hand axe          |   102 |   211 |   147 |   234 ||   694
         War axe           |       |       |   144 |    28 ||   172
 Invoke: Berserk           |     1 |     2 |     7 |     7 ||    17
         Trog's Hand       |       |     2 |     7 |     7 ||    16
    Use: Scroll            |     3 |     2 |     7 |     3 ||    15
   Stab: Paralysed         |       |       |     1 |       ||     1
 Armour: Animal skin       |    39 |       |       |       ||    39
         Ring mail         |    11 |    60 |       |       ||    71
         Chain mail        |       |    44 |       |       ||    44
         Scale mail        |       |    42 |   237 |   185 ||   464
  Dodge: Dodged            |    83 |   139 |   248 |   125 ||   595
  Block: Buckler           |       |     5 |    83 |     6 ||    94
         Kite shield       |       |       |       |   148 ||   148

Table legend: (Time is in decaauts)
 A = Elapsed time spent in this place.
 B = Non-inter-level travel time spent in this place.
 C = Inter-level travel time spent in this place.
 D = Time resting spent in this place.
 E = Time spent auto-exploring this place.
 F = Levels seen in this place.
 G = Mean time per level.
                   A        B        C        D        E       F      G
               +--------+--------+--------+--------+--------+-----+--------+
         Total |   9093 |   8713 |    380 |     16 |   6563 |  10 |  909.3 |
       Dungeon |   8932 |   8552 |    380 |     16 |   6452 |   9 |  992.4 |
          Lair |    161 |    161 |      0 |      0 |    111 |   1 |  161.0 |
               +--------+--------+--------+--------+--------+-----+--------+

Top non-repeatable levels by time:
     D:8: 1332 daAuts
     D:9: 1236 daAuts
     D:7: 1139 daAuts
     D:2: 1102 daAuts
     D:1: 993 daAuts
     D:6: 912 daAuts
     D:5: 779 daAuts
     D:4: 736 daAuts
     D:3: 699 daAuts
  Lair:1: 161 daAuts
